 Dungeon Crawl Stone Soup version 0.27.1-34-g3ba077fa99 (webtiles) character file.

Game seed: 13579933502340689563

149744 pkoi the Devastator (level 16, -6/105 HPs)
             Began as a Grey Draconian Conjurer on Jan 27, 2022.
             Was a High Priest of Sif Muna.
             Mangled by an eight-headed hydra (7 damage)
             ... on level 3 of the Swamp.
             The game lasted 01:27:43 (42015 turns).

pkoi the Devastator (Grey Draconian Conjurer)      Turns: 42015, Time: 01:27:44

Health: -6/105     AC: 22    Str: 15    XL:     16   Next: 97%
Magic:  6/30       EV: 15    Int: 26    God:    Sif Muna [*****.]
Gold:   1822       SH:  0    Dex: 11    Spells: 1/35 levels left

rFire    . . .     SeeInvis .   b - staff of conjuration
rCold    . . .     Faith    .   (no shield)
rNeg     + + +     Spirit   .   (armour unavailable)
rPois    .         Reflect  .   N - +2 hat
rElec    +         Harm     .   y - +2 cloak
rCorr    .         Rampage  .   (no gloves)
Will     ++++.                  g - +2 pair of boots
Stlth    ++........             B - amulet of the Greedy {Acrobat rElec rN++ Will+ Str+4}
HPRegen  0.27/turn              m - ring of positive energy
MPRegen  0.22/turn              P - ring of the Mage {Wiz Will++ Int+3}

@: about to teleport, slowed, very slow
A: AC +14, amphibious, unfitting armour, cold-blooded
a: Renounce Religion, Channel Magic, Forget Spell, Divine Exegesis


You were on level 3 of the Swamp.
You worshipped Sif Muna.
Sif Muna was extremely pleased with you.
You visited 4 branches of the dungeon, and saw 24 of its levels.
You also visited: Bailey and Ice Cave.

You collected 1822 gold pieces.

Inventory:

Hand Weapons
 a - the +5 hunting sling of Peace {venom, Dex+3}
   (You found it on level 4 of the Dungeon)

   Any ammunition fired from it poisons the flesh of those it strikes.
   Dex:       It affects your dexterity (+3).
 A - the +5 whip of Igiwnun {protect, +Rage Will+ Int-2}
   (You found it on level 7 of the Dungeon)

   It grants its wielder temporary protection when it strikes (+7 to AC).
   Int:       It affects your intelligence (-2).
   +Rage:     It lets you go berserk.
   Will:      It increases your willpower.
Missiles
 e - 7 throwing nets
 q - 162 sling bullets
Armour
 g - a +2 pair of boots (worn)
 y - a +2 cloak (worn)
 N - a +2 hat (worn)
Magical Staves
 b - a staff of conjuration (weapon)
Jewellery
 d - a ring of ice
 m - a ring of positive energy (left hand)
 v - a ring of ice
 B - the amulet of the Greedy (around neck) {Acrobat rElec rN++ Will+ Str+4}
   (You acquired it in a bailey)

   [amulet of the acrobat]

   It increases your evasion while moving and waiting.
   Str:       It affects your strength (+4).
   rElec:     It insulates you from electricity.
   rN:        It greatly protects you from negative energy.
   Will:      It increases your willpower.
 K - a +4 ring of evasion
 O - a ring of magical power
 P - the ring of the Mage (right hand) {Wiz Will++ Int+3}
   (You acquired it on level 4 of the Lair of Beasts)

   [ring of wizardry]

   It improves your spell success rate.
   Int:       It affects your intelligence (+3).
   Will:      It greatly increases your willpower.
Wands
 i - a wand of flame (50)
 n - a wand of acid (18)
 r - a wand of paralysis (8)
 u - a wand of charming (31)
 C - a wand of digging (5)
 F - a wand of mindburst (22)
 J - a wand of polymorph (14)
 L - a wand of iceblast (19)
Scrolls
 c - 3 scrolls of enchant weapon
 f - 6 scrolls of fear
 j - 4 scrolls of teleportation
 l - 3 scrolls of amnesia
 o - 2 scrolls of brand weapon
 E - a scroll of enchant armour
 G - 13 scrolls of identify
 H - 5 scrolls of fog
 M - a scroll of magic mapping
Potions
 h - 11 potions of ambrosia
 k - 2 potions of resistance
 p - 3 potions of curing
 s - 2 potions of cancellation
 t - 4 potions of flight
 w - 6 potions of might
 x - 2 potions of magic
 z - 8 potions of haste
 D - 3 potions of brilliance
 I - 3 potions of heal wounds


   Skills:
 + Level 9.5 Dodging
 - Level 1.7 Stealth
 - Level 10.1 Spellcasting
 - Level 18.0 Conjurations
 - Level 6.2 Hexes
 + Level 10.0 Summonings
 - Level 3.0 Translocations
 - Level 7.8 Fire Magic
 - Level 7.7 Earth Magic
 - Level 10.0 Invocations


You had one spell level left.
You knew the following spells:

 Your Spells              Type           Power      Damage    Failure   Level
a - Magic Dart            Conj           100%       1d8       0%          1
b - Searing Ray           Conj           100%       3d7       0%          2
c - Spellforged Servitor  Conj/Summ      46%        N/A       4%          7
d - Iskenderun's Battles  Conj           100%       2d15      1%          5
e - Iron Shot             Conj/Erth      44%        9d9       1%          6
f - Orb of Destruction    Conj           51%        9d16      1%          7
g - Starburst             Conj/Fire      44%        6d12      1%          6

Your spell library contained the following spells:

 Spells                   Type           Power      Damage    Failure   Level
 Foxfire                  Conj/Fire      100%       2x1d9     0%          1
 Beastly Appendage        Tmut           26%        N/A       1%          1
 Pain                     Necr           52%        1d6       1%          1
 Sandblast                Erth           100%       2d20      1%          1
 Passwall                 Tmut/Erth      27%        N/A       1%          2
 Slow                     Hex            45%        N/A       1%          2
 Static Discharge         Conj/Air       74%        N/A       1%          2
 Confusing Touch          Hex            45%        N/A       1%          3
 Dazzling Flash           Conj/Hex       100%       N/A       1%          3
 Stone Arrow              Conj/Erth      100%       3d13      1%          3
 Fulminant Prism          Conj/Hex       42%        3d20      1%          4
 Hailstorm                Conj/Ice       74%        3d15      1%          4
 Iskenderun's Mystic Bla  Conj/Tloc      80%        2d16      1%          4
 Fireball                 Conj/Fire      44%        3d18      1%          5
 Irradiate                Conj/Tmut      37%        3d25      1%          5
 Lightning Bolt           Conj/Air       37%        1d55      1%          5
 Summon Mana Viper        Hex/Summ       53%        N/A       1%          5
 Sublimation of Blood     Necr           6%         N/A       2%          2
 Wereblood                Tmut           13%        N/A       2%          2
 Summon Ice Beast         Ice/Summ       39%        N/A       2%          4
 Summon Lightning Spire   Summ/Air       39%        N/A       2%          4
 Lee's Rapid Deconstruct  Erth           26%        3d15*     2%          5
 Petrify                  Tmut/Erth      33%        N/A       3%          4
 Ozocubu's Armour         Ice            13%        N/A       6%          3
 Spider Form              Tmut/Pois      6%         N/A       6%          3
 Conjure Ball Lightning   Conj/Air       37%        3x3d12    7%          6
 Yara's Violent Unravell  Hex/Tmut       14%        3d7       14%         5
 Ice Form                 Ice/Tmut       13%        N/A       17%         4
 Monstrous Menagerie      Summ           30%        N/A       24%         7
 Agony                    Necr           13%        N/A       43%         5
 Blade Hands              Tmut           6%         N/A       43%         5
 Excruciating Wounds      Necr           6%         N/A       43%         5
 Statue Form              Tmut/Erth      22%        N/A       45%         6
 Eringya's Noxious Bog    Tmut/Pois      6%         N/A       93%         6
 Simulacrum               Ice/Necr       6%         N/A       93%         6
 Ozocubu's Refrigeration  Ice            6%         4d6       100%        7
 Storm Form               Tmut/Air       6%         N/A       100%        7
 Maxwell's Capacitive Co  Air            6%         ∞         100%        8
 Chain Lightning          Conj/Air       37%        3d49      100%        9
 Animate Armour           Summ/Erth      Unusable   N/A       N/A         4

Dungeon Overview and Level Annotations

Branches:
Dungeon (14/15)            Temple (1/1) D:7            Lair (6/6) D:10
  Swamp (2/4) Lair:2        Snake (0/4) Lair:4        Slime (0/5) Lair:6
    Orc (0/2) D:10         Bailey (visited)           IceCv (visited)
 Vaults: D:13-14

Altars:
Ashenzari
Cheibriados
Dithmenos
Elyvilon
Fedhas
Gozag
Hepliaklqana
Kikubaaqudgha
Makhleb
Nemelex Xobeh
Okawaru
Qazlal
Ru
Sif Muna
Trog
Uskayaw
Vehumet
Wu Jian
Xom
Yredelemnul
Zin
The Shining One

Shops:
D:10 **


Innate Abilities, Weirdness & Mutations

Your dull iron-grey scales are very hard. (AC +14)
You are amphibious.
You cannot fit into any form of body armour.
You are cold-blooded and may be slowed by cold attacks.


Message History

You feel strangely unstable.
The tyrant leech zombie bites you but does no damage.
A bog body comes into view.
The large abomination completely misses you.
A bog body comes into view.
Your surroundings suddenly seem different.
A hydra, a swamp worm, a bunyip and a will-o-the-wisp come into view.
Found a robe, a scale mail and a chain mail.
The eight-headed hydra roars!
The will-o-the-wisp gives a chilling moan.
The will-o-the-wisp blinks!
The swamp worm fires a harpoon shot at you.
The harpoon shot misses you.
The eight-headed hydra barely misses you.
The eight-headed hydra completely misses you.
The eight-headed hydra misses you.
The eight-headed hydra bites you but does no damage.
The eight-headed hydra misses you.
The eight-headed hydra bites you but does no damage.
The eight-headed hydra closely misses you.
The eight-headed hydra misses you.
The bog body moves out of view.
The will-o-the-wisp moves out of view.
As you read the scroll of teleportation, it crumbles to dust.
You feel strangely unstable.
The bunyip gives a hideous shriek!
The eight-headed hydra bites you but does no damage.
The eight-headed hydra barely misses you.
The eight-headed hydra bites you.
* * * LOW HITPOINT WARNING * * *
The eight-headed hydra bites you!
* * * LOW HITPOINT WARNING * * *
The eight-headed hydra misses you. x2; The eight-headed hydra bites you.
* * * LOW HITPOINT WARNING * * *
The eight-headed hydra bites you but does no damage. x2
The eight-headed hydra barely misses you.
The eight-headed hydra bites you but does no damage.
The eight-headed hydra bites you.
* * * LOW HITPOINT WARNING * * *
The eight-headed hydra bites you!
You die...

♣ ♣♣..[
♣♣♣......
♣@[..♣
♣≈≈D.♣♣♣
♣.[xw♣≈♣
≈.≈.♣≈.
♣≈ .§§
≈w. ♣♣ .≈
.§≈^ .
≈.≈≈.
≈≈..≈§


You could see a bunyip, an eight-headed hydra and 2 swamp worms.

Vanquished Creatures
  Kirke (Swamp:1)
  Gastronok (Lair:3)
  A fenstrider witch (Swamp:3)
  Donald (Swamp:3)
  A reaper (IceCv)
  4 bunyips
  3 entropy weavers (Lair:4)
  2 eleionomae
  Snorg (D:10)
  A vault guard (D:13)
  Josephine (D:13)
  Erolcha (D:10)
  2 boulder beetles
  Harold (D:9)
  2 catoblepae
  5 hydras
  3 death knights
  6 centaur warriors
  4 ghost crabs (Lair:4)
  3 alligators
  2 two-headed ogres
  4 death yaks
  Urug (D:10)
  4 fire crabs (Lair:4)
  4 goliath frogs
  3 skeletal warriors (D:12)
  5 spriggan druids
  3 swamp dragons
  A glowing orange brain (shapeshifter) (D:14)
  2 bog bodies
  A phantasmal warrior (Swamp:3)
  2 goliath frog zombies (Swamp:3)
  A deep elf pyromancer (D:12)
  2 manticores
  An ugly thing (D:13)
  2 cyclopes
  4 will-o-the-wisps
  11 elephants
  Maurice (D:9)
  7 black mambas
  An ice statue (IceCv)
  Joseph (Lair:1)
  An apocalypse crab (Lair:4)
  A gargoyle (D:12)
  2 torpor snails
  27 cane toads
  A freezing wraith (D:11)
  3 rime drakes
  A swamp worm zombie (Swamp:3)
  A tengu conjurer (D:13)
  6 komodo dragons
  4 anaconda simulacra (IceCv)
  A queen bee (Lair:5)
  10 hornets
  5 trolls
  A polar bear (Lair:2)
  3 meliai (Lair:5)
  7 tyrant leeches
  A bloated husk (Swamp:3)
  26 blink frogs
  2 alligator zombies (Swamp:3)
  13 spriggans
  3 wyverns
  A shadow (D:12)
  10 wraiths
  32 yaks
  3 hogs (Swamp:1)
  5 humans (D:14)
  A basilisk (D:12)
  7 vampire mosquitoes
  A steam dragon (D:8)
  Grum (D:9)
  2 harpy simulacra (IceCv)
  Edmund (D:6)
  14 swamp worms
  2 acid dragons (D:12)
  14 water moccasins
  A swamp drake (Swamp:2)
  4 ice beasts
  3 black bears
  4 orc warriors
  A necrophage (D:6)
  4 ogres
  13 centaurs
  12 wolves
  A kobold brigand (D:7)
  3 scorpions
  23 bullfrogs
  3 gnoll sergeants
  A cane toad simulacrum (IceCv)
  3 two-headed ogre simulacra (IceCv)
  33 killer bees
  A water moccasin skeleton (D:5)
  2 elephant simulacra (IceCv)
  3 wights (D:8)
  8 electric eels
  2 centaur zombies
  A bullfrog zombie (D:5)
  3 gnoll shamans
  8 hounds
  3 orc priests
  A centaur skeleton (D:5)
  10 orc wizards
  An iguana (D:5)
  9 hell rats
  Natasha (twice) (D:4)
  2 troll simulacra (IceCv)
  2 polar bear simulacra (IceCv)
  9 spriggan simulacra (IceCv)
  2 wolf simulacra (IceCv)
  A killer bee zombie (D:8)
  3 howler monkey zombies
  40 gnolls
  6 adders
  7 naga simulacra (IceCv)
  22 white imps
  An ufetubus (IceCv)
  3 adder skeletons
  A worm (D:5)
  4 dart slugs
  33 orcs
  10 ball pythons
  5 endoplasms
  2 giant cockroaches
  5 goblins
  19 hobgoblins
  A quokka (D:1)
  2 bats (D:1)
  A frilled lizard (D:1)
  26 kobolds
  6 rats
696 creatures vanquished.

Vanquished Creatures (others)
  A wizard (D:13)
  2 bloated husks
  An orc (D:10)
  18 foxfires
  5 fulminant prisms
  59 fungi
  201 plants
287 creatures vanquished.

Grand Total: 983 creatures vanquished

Notes
Turn   | Place    | Note
-------+----------+-------------------------------------------
     0 | D:1      | pkoi the Draconian Conjurer began the quest for the Orb.
     0 | D:1      | Reached XP level 1. HP: 14/14 MP: 3/3
   397 | D:1      | Reached XP level 2. HP: 20/20 MP: 0/5
  1403 | D:1      | Reached skill level 5 in Conjurations
  1763 | D:2      | Reached XP level 3. HP: 26/26 MP: 3/6
  2714 | D:3      | Reached XP level 4. HP: 33/33 MP: 2/7
  2973 | D:3      | You fall into a shaft and drop 2 floors!
  2973 | D:5      | Entered Level 5 of the Dungeon
  2981 | D:5      | Learned a level 2 spell: Searing Ray
  3189 | D:4      | Identified the +5 hunting sling of Peace {venom, Dex+3}
  3226 | D:4      | You fall into a shaft and drop 1 floor!
  3229 | D:5      | Reached skill level 6 in Conjurations
  3591 | D:3      | Noticed an ice beast
  3601 | D:3      | Killed an ice beast
  3602 | D:3      | Reached skill level 7 in Conjurations
  3602 | D:3      | Reached XP level 5. HP: 38/38 MP: 0/8
  4074 | D:3      | Found a snail-covered altar of Cheibriados.
  4249 | D:4      | Noticed an ogre
  4253 | D:4      | Killed an ogre
  4254 | D:4      | Reached XP level 6. HP: 45/45 MP: 9/9
  4384 | D:4      | Reached skill level 8 in Conjurations
  4842 | D:4      | Noticed Natasha
  4847 | D:4      | Killed Natasha
  4905 | D:4      | Noticed Natasha
  4910 | D:4      | Killed Natasha
  5160 | D:5      | Your scales start taking on a dull iron-grey colour.
  5160 | D:5      | Reached XP level 7. HP: 46/50 MP: 4/10
  5297 | D:5      | Reached skill level 9 in Conjurations
  6318 | D:6      | Reached skill level 10 in Conjurations
  6318 | D:6      | Reached XP level 8. HP: 50/57 MP: 11/11
  6829 | D:6      | Reached skill level 11 in Conjurations
  6984 | D:6      | Noticed Edmund
  7005 | D:6      | Killed Edmund
  7901 | D:7      | Noticed a hornet
  7904 | D:7      | Killed a hornet
  7905 | D:7      | Reached skill level 12 in Conjurations
  8016 | D:7      | Reached XP level 9. HP: 62/62 MP: 12/12
  8021 | D:7      | Learned a level 4 spell: Fulminant Prism
  8346 | D:7      | Reached skill level 1 in Hexes
  8608 | D:7      | Identified the +5 whip of Igiwnun {protect, +Rage Will+
                  | Int-2}
  8675 | D:7      | Identified the +1 long sword "Widowmaker" {pain, rCorr}
  8973 | D:7      | Found a staircase to the Ecumenical Temple.
  9013 | Temple   | Entered the Ecumenical Temple
  9268 | Temple   | Became a worshipper of Sif Muna the Loreminder
  9945 | D:8      | Found a flagged portal.
  9953 | Bailey   | Entered a bailey
  9967 | Bailey   | Reached * piety under Sif Muna
 10198 | Bailey   | Noticed an orc knight
 10200 | Bailey   | Reached ** piety under Sif Muna
 10433 | Bailey   | Acquired the amulet of the Greedy {Acrobat rElec rN++ Will+
                  | Str+4}
 11255 | D:9      | Noticed Grum
 11259 | D:9      | Killed Grum
 11260 | D:9      | Reached XP level 10. HP: 68/69 MP: 11/17
 11373 | D:9      | Reached skill level 13 in Conjurations
 11393 | D:9      | Reached skill level 5 in Spellcasting
 11689 | D:9      | Noticed Maurice
 11717 | D:9      | Killed Maurice
 11718 | D:9      | Reached skill level 5 in Hexes
 11862 | D:9      | Noticed a two-headed ogre
 11868 | D:9      | Killed a two-headed ogre
 11949 | D:9      | Noticed Harold
 11958 | D:9      | Killed Harold
 11958 | D:9      | Reached *** piety under Sif Muna
 12070 | D:9      | Noticed a boulder beetle
 12079 | D:9      | Killed a boulder beetle
 12598 | D:10     | Entered Level 10 of the Dungeon
 12634 | D:10     | Reached XP level 11. HP: 63/74 MP: 1/21
 12769 | D:10     | Found a staircase to the Orcish Mines.
 12803 | D:10     | Found Alung's Specific Store.
 12807 | D:10     | Found Fenuubru's General Store.
 12917 | D:10     | Reached skill level 14 in Conjurations
 12917 | D:10     | Noticed Erolcha
 13260 | D:10     | Noticed Snorg
 13270 | D:10     | Killed Snorg
 13408 | D:10     | Killed Erolcha
 13651 | D:10     | Noticed a two-headed ogre
 13658 | D:10     | Killed a two-headed ogre
 13770 | D:10     | Found a staircase to the Lair.
 13990 | D:10     | Noticed Urug
 14004 | D:10     | Killed Urug
 14350 | D:11     | Noticed a five-headed hydra
 14380 | Lair:1   | Entered Level 1 of the Lair of Beasts
 14399 | Lair:1   | Reached skill level 15 in Conjurations
 14589 | Lair:1   | Noticed Joseph
 14788 | D:10     | Reached **** piety under Sif Muna
 14871 | Lair:1   | Killed Joseph
 14872 | Lair:1   | Reached XP level 12. HP: 45/81 MP: 18/24
 15361 | Lair:1   | Reached skill level 1 in Invocations
 16696 | Lair:2   | Reached skill level 16 in Conjurations
 17045 | Lair:2   | Found a staircase to the Swamp.
 17786 | Lair:3   | Noticed a boulder beetle
 18100 | Lair:2   | Killed a boulder beetle
 18778 | Lair:3   | Reached skill level 5 in Invocations
 18872 | Lair:3   | Noticed Gastronok
 18896 | Lair:3   | Killed Gastronok
 19308 | Lair:3   | Reached XP level 13. HP: 86/86 MP: 15/26
 19568 | Lair:3   | Reached skill level 10 in Spellcasting
 19793 | Lair:4   | You fall into a shaft and drop 2 floors!
 19793 | Lair:6   | Entered Level 6 of the Lair of Beasts
 19793 | Lair:6   | Found a staircase to the Slime Pits.
 19820 | Lair:4   | Found a runed translucent door.
 19885 | Lair:4   | You fall into a shaft and drop 2 floors!
 19932 | Lair:4   | Reached ***** piety under Sif Muna
 19933 | Lair:4   | Found a frozen archway.
 19942 | IceCv    | Entered an ice cave
 20177 | IceCv    | Learned a level 4 spell: Iskenderun's Mystic Blast
 20349 | IceCv    | Received a gift from Sif Muna
 20350 | IceCv    | Got Neghoxka's Grimoire of Mutagenic Attacks {god gift}
 20430 | IceCv    | Learned a level 3 spell: Stone Arrow
 20733 | IceCv    | Identified the +0 whip "Naovair" {drain, Fragile rN+ Str+2
                  | SInv}
 20961 | IceCv    | Reached skill level 1 in Earth Magic
 21341 | IceCv    | Noticed a reaper
 21476 | IceCv    | Learned a level 7 spell: Orb of Destruction
 21544 | IceCv    | Killed a reaper
 21545 | IceCv    | Reached skill level 17 in Conjurations
 21684 | IceCv    | Got the Tome of the Wasteland
 22193 | Lair:4   | Found a staircase to the Snake Pit.
 22352 | Lair:4   | Learned a level 6 spell: Starburst
 22567 | Lair:4   | Reached skill level 1 in Fire Magic
 25764 | Lair:6   | Received a gift from Sif Muna
 25871 | Lair:5   | Learned a level 6 spell: Iron Shot
 26285 | Lair:6   | Reached skill level 1 in Translocations
 26367 | Lair:6   | Reached XP level 14. HP: 93/93 MP: 15/28
 27336 | Lair:6   | Reached skill level 5 in Fire Magic
 27630 | Lair:5   | Learned a level 5 spell: Iskenderun's Battlesphere
 28395 | Lair:6   | Identified the ring "Loakonao" {Wiz *Slow rC+ Dex+4 Stlth+}
 29287 | D:10     | Reached skill level 5 in Earth Magic
 29847 | D:11     | Identified the +4 hunting sling "Wumagif" {freeze, Drain
                  | Fly rC+ SInv}
 30671 | D:12     | Found a frozen archway.
 30674 | D:12     | Reached skill level 18 in Conjurations
 33727 | D:13     | Reached skill level 5 in Dodging
 33782 | D:13     | Noticed Josephine
 33787 | D:13     | Killed Josephine
 34710 | D:14     | Reached XP level 15. HP: 91/99 MP: 19/29
 34815 | D:14     | Learned a level 7 spell: Spellforged Servitor
 34976 | D:14     | Reached skill level 10 in Invocations
 35303 | D:14     | Reached skill level 1 in Summonings
 35702 | Swamp:1  | Entered Level 1 of the Swamp
 36889 | Lair:4   | Acquired the ring of the Mage {Wiz Will++ Int+3}
 36889 | Lair:4   | Found the ring of the Mage {Wiz Will++ Int+3}
 37219 | Lair:4   | Reached XP level 16. HP: 105/105 MP: 30/30
 39924 | Swamp:2  | Noticed Kirke
 40318 | Swamp:2  | Noticed a sphinx
 40383 | Swamp:1  | Killed Kirke
 40901 | Swamp:2  | You fall into a shaft and drop 1 floor!
 41717 | Swamp:3  | Noticed Donald
 41721 | Swamp:3  | Killed Donald
 42000 | Swamp:3  | Reached skill level 10 in Summonings
 42001 | Swamp:3  | Received a gift from Sif Muna
 42005 | Swamp:3  | HP: 5/105 [spriggan druid/stone arrow (30)]
 42015 | Swamp:3  | HP: 5/105 [eight-headed hydra (2)]
 42015 | Swamp:3  | HP: 1/105 [eight-headed hydra (4)]
 42015 | Swamp:3  | Mangled by an eight-headed hydra

Illustrated notes

Levels and vault maps discovered:
D:1:      dpeg_arrival_leaves_temple_mockup, layout_basic
D:2:      layout_rooms
D:3:      layout_loops_corners, marbit_many_paths, serial_rivers,
          chequers_serial_rivers_small_3, chequers_serial_rivers_large_b,
          chequers_serial_rivers_micro_c, chequers_serial_rivers_room_b,
          chequers_serial_rivers_micro_c, chequers_serial_rivers_small_a,
          grunt_ministairs_9, minmay_misc_feat_four_crosses
D:4:      layout_gridville, uniq_natasha
D:5:      layout_gridville, kennysheep_generic_room_14
D:6:      layout_loops_ring, kennysheep_cross_room, glass_columns_a,
          kb_lookout_dungeons_type, uniq_edmund
D:7:      kennysheep_housing_project, layout_gridville,
          minmay_temple_entry_junction_2, water_maze_lemuel
D:8:      layout_basic, enter_bailey_3, nicolae_underground_beach
D:9:      layout_loops_ring, chequers_serial_rivers_micro_e, uniq_grum,
          uniq_harold, uniq_maurice
D:10:     layout_roguey, erik_lair_island, david_orc_2, nicolae_specific_store,
          uniq_snorg, uniq_erolcha, uniq_urug
D:11:     layout_irregular_city
D:12:     layout_long_grid, portal_ice_cave_entry_pillars_1,
          kennysheep_generic_room_13
D:13:     layout_cave_pools, serial_column_ruins, column_ruins_grid_1,
          column_ruins_open_tiny, column_ruins_columns_straight,
          column_ruins_open_small, uniq_josephine
D:14:     layout_basic, grunt_vaults_entry_tiered, chequers_garden
Temple:   minmay_crystal_snake_temple
Lair:1:   layout_cave_shapes, worms_lemuel, infiniplex_staircase_pool,
          uniq_joseph
Lair:2:   layout_regular_city, minmay_swamp_entry_worms, serial_bayou_shore_b,
          grunt_megastairs_4, lemuel_fruit_fields
Lair:3:   layout_loops_ring, serial_bayou_shore_a, uniq_gastronok
Lair:4:   gammafunk_mikee_crab_dinner, layout_big_grid,
          minmay_snake_entry_six_corridors, portal_ice_cave_entry_imps
Lair:5:   layout_hall_layers, special_room [special_room_bee],
          infiniplex_staircase_pool_2, grunt_megastairs_1
Lair:6:   minmay_lair_end_frog_pond, layout_regular_city, slime_dummy
Swamp:1:  nicolae_swamp_ascending_descending_big, layout_falls_marsh,
          nicolae_swamp_orc_logging_accident, swamp_pool2,
          nicolae_swamp_spriggan_camp
Swamp:2:  layout_basic_swamp, evilmike_swamp_ruin_rubble_2, uniq_kirke
Swamp:3:  cheibrodos_swamp_mausoleum, layout_falls_marsh,
          hangedman_swamp_ruin_wall, uniq_donald

Skill      XL: |  1  2  3  4  5  6  7  8  9 10 11 12 13 14 15 16 |
---------------+-------------------------------------------------+-----
Conjurations   | 5 7 8 10 12 13 15 16 17 18 | 18.0
Hexes          | 4 6 |  6.2
Spellcasting   | 4 6 8 9 10 | 10.1
Invocations    | 6 9 10 | 10.0
Earth Magic    | 2 7 |  7.7
Fire Magic     | 4 7 |  7.8
Translocations | 1 3 |  3.0
Dodging        | 5 7 9 |  9.5
Summonings     | 6 10 | 10.0
Stealth        | |  1.7

Action                   |  1- 3 |  4- 6 |  7- 9 | 10-12 | 13-15 | 16-18 || total
-------------------------+-------+-------+-------+-------+-------+-------++-------
Melee: Unarmed           |    45 |       |       |       |       |       ||    45
       Tailslap          |     5 |       |       |     5 |     5 |     2 ||    17
       Dagger            |     8 |       |       |       |       |       ||     8
       Whip              |       |       |       |    25 |    13 |    22 ||    60
       Staff             |       |       |       |       |     6 |     5 ||    11
 Fire: Hunting sling     |       |    51 |   261 |   196 |    22 |       ||   530
 Cast: Magic Dart        |    68 |     5 |       |    27 |   234 |   122 ||   456
       Searing Ray       |       |     7 |    35 |   120 |   183 |    20 ||   365
       Fulminant Prism   |       |       |       |     3 |     2 |       ||     5
       Orb of Destructio |       |       |       |       |    88 |    17 ||   105
       Stone Arrow       |       |       |       |       |     4 |       ||     4
       Iskenderun's Batt |       |       |       |       |    22 |    35 ||    57
       Starburst         |       |       |       |       |     3 |    11 ||    14
Invok: Forget Spell      |       |       |       |       |     3 |       ||     3
  Use: Scroll            |     2 |       |    10 |     7 |    10 |     3 ||    32
       Potion            |     2 |       |       |     3 |     2 |     2 ||     9
Armor: Skin              |    19 |    11 |    57 |   129 |   181 |    76 ||   473
Dodge: Dodged            |    37 |    10 |    76 |   300 |   489 |    94 ||  1006
